IL
TOLEDO MUD HENS @ ROCHESTER RED WINGS
06/24/1982
 
TOP OF THE 1ST
Toledo Mud Hens batting - Pitching for Rochester Red Wings : RHP Dave J Schmidt
Pitching: RHP Dave J Schmidt
Batting: RHB Joey McEndree 0-0: Ground out 5-3 (Groundball, 5, EV 90.0 MPH)
Batting: LHB Ron Diggle 0-0: Foul Ball, location: 2F
0-1: Called Strike
0-2: Ball
1-2: Strikes out looking
Batting: LHB Greg Brock 0-0: Swinging Strike
0-1: Ball
1-1: Ground out 5-3 (Groundball, 25, EV 80.6 MPH)
Top of the 1st over - 0 runs, 0 hits, 0 errors, 0 left on base; Toledo 0 - Rochester 0
BOTTOM OF THE 1ST
Rochester Red Wings batting - Pitching for Toledo Mud Hens : RHP Jay North
Pitching: RHP Jay North
Batting: RHB Johnnie LeMaster 0-0: Called Strike
0-1: Ball
1-1: Ball
2-1: Ball
3-1: Fly out, F8 (Flyball, 8LD, EV 91.3 MPH)
Batting: LHB Ed Amelung 0-0: Called Strike
0-1: Swinging Strike
0-2: Ball
1-2: Ball
2-2: Foul Ball, location: 2F
2-2: Fly out, F8 (Flyball, 8RM, EV 93.8 MPH)
Batting: SHB Jordan Ayala 0-0: Called Strike
0-1: DOUBLE (Line Drive, 3D, EV 105.6 MPH)
Batting: RHB Gerry Davis 0-0: Ball
1-0: Called Strike
1-1: Foul Ball, location: 2F
1-2: Strikes out looking
Bottom of the 1st over - 0 runs, 1 hit, 0 errors, 1 left on base; Toledo 0 - Rochester 0
TOP OF THE 2ND
Toledo Mud Hens batting - Pitching for Rochester Red Wings : RHP Dave J Schmidt
Batting: RHB Gorman Thomas 0-0: Ball
1-0: Foul Ball, location: 2F
1-1: Foul Ball, location: 2F
1-2: Foul Ball, location: 2F
1-2: Ball
2-2: Ball
3-2: Strikes out swinging
Batting: RHB Milt Jefferson 0-0: Ball
1-0: Fly out, F9 (Flyball, 89M, EV 88.8 MPH)
Batting: LHB Rich Coggins 0-0: Ball
1-0: Ball
2-0: Called Strike
2-1: Ball
3-1: Ground out U3 (Groundball, 3S, EV 86.3 MPH)
Top of the 2nd over - 0 runs, 0 hits, 0 errors, 0 left on base; Toledo 0 - Rochester 0
BOTTOM OF THE 2ND
Rochester Red Wings batting - Pitching for Toledo Mud Hens : RHP Jay North
Batting: RHB Joe Carter 0-0: Ball
1-0: Called Strike
1-1: Foul Ball, location: 2F
1-2: Ball
2-2: SINGLE (Groundball, 56D, EV 96.9 MPH)
Batting: RHB Chris Johnston 0-0: Ball
1-0: Called Strike
1-1: Fly out, F8 (Flyball, 8RXD, EV 98.8 MPH)
Batting: LHB Dave Falcone 0-0: Ball
1-0: Ball
2-0: Fly out, F9 (Flyball, 9LM, EV 98.1 MPH)
Batting: RHB Tom Brookens 0-0: Ball
Joe Carter is caught stealing 2nd base 2-4
Bottom of the 2nd over - 0 runs, 1 hit, 0 errors, 0 left on base; Toledo 0 - Rochester 0
TOP OF THE 3RD
Toledo Mud Hens batting - Pitching for Rochester Red Wings : RHP Dave J Schmidt
Batting: RHB Dennis Odom 0-0: Called Strike
0-1: Ball
1-1: Foul Ball, location: 2F
1-2: Fly out, F4 (Flyball, 34D, EV 80.0 MPH)
Batting: LHB George LaCoe 0-0: Called Strike
0-1: Swinging Strike
0-2: Ball
1-2: Foul Ball, location: 2F
1-2: Ball
2-2: Ball
3-2: Ground out U3 (Groundball, 3L, EV 100.0 MPH)
Batting: RHB Gary Allenson 0-0: Reached on error, E5 (Groundball, 56S, EV 79.4 MPH)
Batting: RHB Joey McEndree 0-0: Called Strike
0-1: Foul Ball, location: 2F
0-2: Fly out, F7 (Flyball, 7S, EV 82.5 MPH)
Top of the 3rd over - 0 runs, 0 hits, 1 error, 1 left on base; Toledo 0 - Rochester 0
BOTTOM OF THE 3RD
Rochester Red Wings batting - Pitching for Toledo Mud Hens : RHP Jay North
Batting: RHB Tom Brookens 0-0: Swinging Strike
0-1: Foul Ball, location: 2F
0-2: Ball
1-2: Foul Ball, location: 2F
1-2: Ball
2-2: Ball
3-2: Strikes out looking
Batting: RHB Jerry Dybzinski 0-0: Ball
1-0: Called Strike
1-1: Ball
2-1: Ball
3-1: Called Strike
3-2: Fly out, F7 (Flyball, 7LS, EV 91.9 MPH)
Batting: RHB Johnnie LeMaster 0-0: Foul Ball, location: 2F
0-1: Ball
1-1: Called Strike
1-2: Fly out, F8 (Flyball, 8RD, EV 91.9 MPH)
Bottom of the 3rd over - 0 runs, 0 hits, 0 errors, 0 left on base; Toledo 0 - Rochester 0
TOP OF THE 4TH
Toledo Mud Hens batting - Pitching for Rochester Red Wings : RHP Dave J Schmidt
Batting: LHB Ron Diggle 0-0: Called Strike
0-1: Called Strike
0-2: SINGLE (Line Drive, 4M, EV 96.9 MPH)
Batting: LHB Greg Brock 0-0: Ball
1-0: Ball
2-0: Called Strike
2-1: Ball
3-1: Called Strike
3-2: Reached on error, E1 (Groundball, 13S, EV 73.1 MPH)
Ron Diggle to third
Batting: RHB Gorman Thomas 0-0: Swinging Strike
0-1: Ball
1-1: Foul Ball, location: 2F
1-2: Ball
2-2: Strikes out swinging
Batting: RHB Milt Jefferson 0-0: Called Strike
0-1: Called Strike
0-2: SINGLE (Groundball, 34, EV 103.8 MPH)
Ron Diggle scores
Greg Brock to third
Runner from 3rd tries for Home, SAFE, throw by RF to home
Batting: LHB Rich Coggins 0-0: Called Strike
0-1: Foul Ball, location: 2F
0-2: Ball
1-2: DOUBLE (Line Drive, 9LS, EV 110.6 MPH)
Milt Jefferson to third
Runner from 3rd tries for Home, SAFE, throw by RF to home
Batting: RHB Dennis Odom 0-0: Called Strike
0-1: Swinging Strike
0-2: Ball
1-2: Strikes out looking
Batting: LHB George LaCoe 0-0: Ground out U3 (Groundball, 34, EV 83.1 MPH)
Top of the 4th over - 3 runs, 3 hits, 1 error, 1 left on base; Toledo 3 - Rochester 0
BOTTOM OF THE 4TH
Rochester Red Wings batting - Pitching for Toledo Mud Hens : RHP Jay North
Batting: LHB Ed Amelung 0-0: Ground out U3 (Groundball, 3, EV 87.5 MPH)
Batting: SHB Jordan Ayala 0-0: Called Strike
0-1: SINGLE (Flyball, 8RS, EV 90.0 MPH)
Batting: RHB Gerry Davis 0-0: Called Strike
Jordan Ayala steals 2nd base
0-1: Ball
Jordan Ayala is caught stealing 3rd base 2-5
1-1: Foul Ball, location: 2F
1-2: Foul Ball, location: 2F
1-2: Fly out, F8 (Flyball, 8RM, EV 93.8 MPH)
Bottom of the 4th over - 0 runs, 1 hit, 0 errors, 0 left on base; Toledo 3 - Rochester 0
TOP OF THE 5TH
Toledo Mud Hens batting - Pitching for Rochester Red Wings : RHP Dave J Schmidt
Batting: RHB Gary Allenson 0-0: Ball
1-0: Ball
2-0: Called Strike
2-1: Ground out 3-1 (Groundball, 13, EV 88.8 MPH)
Batting: RHB Joey McEndree 0-0: Ball
1-0: Foul Ball, location: 2F
1-1: Called Strike
1-2: Fly out, F7 (Flyball, 7S, EV 92.5 MPH)
Batting: LHB Ron Diggle 0-0: Ball
1-0: Ball
2-0: Fly out, F7 (Line Drive, 7D, EV 103.8 MPH)
Top of the 5th over - 0 runs, 0 hits, 0 errors, 0 left on base; Toledo 3 - Rochester 0
BOTTOM OF THE 5TH
Rochester Red Wings batting - Pitching for Toledo Mud Hens : RHP Jay North
Batting: RHB Joe Carter 0-0: Called Strike
0-1: Ball
1-1: Foul Ball, location: 2F
1-2: Foul Ball, location: 2F
1-2: Fly out, F8 (Flyball, 8LM, EV 92.5 MPH)
Batting: RHB Chris Johnston 0-0: Foul Ball, location: 2F
0-1: Fly out, F7 (Flyball, 78S, EV 91.9 MPH)
Batting: LHB Dave Falcone 0-0: Swinging Strike
0-1: Ball
1-1: Foul Ball, location: 2F
1-2: Ball
2-2: DOUBLE (Line Drive, 89D, EV 109.4 MPH)
Batting: RHB Tom Brookens 0-0: Ball
1-0: Ball
2-0: Called Strike
2-1: Ground out 6-3 (Groundball, 6, EV 81.3 MPH)
Bottom of the 5th over - 0 runs, 1 hit, 0 errors, 1 left on base; Toledo 3 - Rochester 0
TOP OF THE 6TH
Toledo Mud Hens batting - Pitching for Rochester Red Wings : RHP Dave J Schmidt
Batting: LHB Greg Brock 0-0: Ball
1-0: SOLO HOME RUN (Flyball, 9D, EV 98.8 MPH), Distance : 383 ft
Batting: RHB Gorman Thomas 0-0: Ball
1-0: Ball
2-0: Ball
3-0: Called Strike
3-1: Ground out 5-3 (Groundball, 56, EV 83.1 MPH)
Batting: RHB Milt Jefferson 0-0: Ground out 6-3 (Groundball, 6, EV 90.6 MPH)
Batting: LHB Rich Coggins 0-0: Ball
1-0: Foul Ball, location: 2F
1-1: Ground out 4-3 (Groundball, 4, EV 106.3 MPH)
Top of the 6th over - 1 run, 1 hit, 0 errors, 0 left on base; Toledo 4 - Rochester 0
BOTTOM OF THE 6TH
Rochester Red Wings batting - Pitching for Toledo Mud Hens : RHP Jay North
Batting: RHB Jerry Dybzinski 0-0: Called Strike
0-1: Ball
1-1: Foul Ball, location: 2F
1-2: SINGLE (Groundball, 6M, EV 96.9 MPH)
Batting: RHB Johnnie LeMaster 0-0: Called Strike
0-1: Swinging Strike
0-2: Ball
1-2: Foul Ball, location: 2F
1-2: Foul Ball, location: 2F
1-2: Ball
2-2: Ball
3-2: DOUBLE (Line Drive, 78D, EV 100.6 MPH)
Jerry Dybzinski to third
Runner from 3rd tries for Home, SAFE, throw by CF to trailing runner, SAFE at third!
Batting: LHB Ed Amelung 0-0: Ball
1-0: Foul Ball, location: 2F
1-1: Foul Ball, location: 2F
1-2: Ball
2-2: Ground out 6-3 (Groundball, 56D, EV 105.6 MPH)
Johnnie LeMaster scores
Batting: SHB Jordan Ayala 0-0: Ball
1-0: Foul Ball, location: 2F
1-1: Fly out, F8 (Line Drive, 8RM, EV 85.6 MPH)
Batting: RHB Gerry Davis 0-0: Reaches on Catchers interference
Batting: RHB Joe Carter 0-0: Ball
Gerry Davis steals 2nd base
1-0: Called Strike
1-1: DOUBLE (Flyball, 8RXD, EV 101.9 MPH)
Gerry Davis scores
Batting: RHB Chris Johnston 0-0: Called Strike
0-1: Fly out, F6 (Popup, 6MS, EV 75.6 MPH)
Bottom of the 6th over - 3 runs, 3 hits, 1 error, 1 left on base; Toledo 4 - Rochester 3
TOP OF THE 7TH
Toledo Mud Hens batting - Pitching for Rochester Red Wings : RHP Dave J Schmidt
Batting: RHB Dennis Odom 0-0: Ball
1-0: Swinging Strike
1-1: Ball
2-1: Called Strike
2-2: Ball
3-2: Ground out 6-3 (Groundball, 6, EV 81.9 MPH)
Batting: LHB George LaCoe 0-0: Swinging Strike
0-1: Ball
1-1: Ball
2-1: Called Strike
2-2: Strikes out swinging
Batting: RHB Gary Allenson 0-0: Ground out 5-3 (Groundball, 56, EV 105.0 MPH)
Top of the 7th over - 0 runs, 0 hits, 0 errors, 0 left on base; Toledo 4 - Rochester 3
BOTTOM OF THE 7TH
Rochester Red Wings batting - Pitching for Toledo Mud Hens : RHP Jay North
Batting: LHB Dave Falcone 0-0: Ball
1-0: SINGLE (Groundball, 34D, EV 106.9 MPH)
Pinch Hitting: RHB Pat Casey 0-0: Swinging Strike
0-1: Called Strike
0-2: Ball
1-2: SINGLE (Flyball, 8RS, EV 96.3 MPH)
Dave Falcone to second
Batting: RHB Jerry Dybzinski 0-0: Ball
1-0: Ball
2-0: Ball
3-0: Called Strike
3-1: Bunt missed!
3-2: Grounds into double play, 4-6-3 (Groundball, 4, EV 89.4 MPH)
Dave Falcone to third
Pinch Hitting: RHB Marc Rhea 0-0: Called Strike
0-1: Foul Ball, location: 2F
0-2: Ball
1-2: Foul Ball, location: 2F
1-2: Ball
2-2: Ball
3-2: Foul Ball, location: 2F
3-2: Fly out, F6 (Popup, 6, EV 70.0 MPH)
Bottom of the 7th over - 0 runs, 2 hits, 0 errors, 1 left on base; Toledo 4 - Rochester 3
TOP OF THE 8TH
Toledo Mud Hens batting - Pitching for Rochester Red Wings : RHP Dave J Schmidt
Now at 2B: Dave Miele
Now at 3B: Marc Rhea
Batting: RHB Joey McEndree 0-0: Ball
1-0: Fly out, F8 (Flyball, 8RS, EV 87.5 MPH)
Batting: LHB Ron Diggle 0-0: Ball
1-0: Ball
2-0: Ball
3-0: Base on Balls
Batting: LHB Greg Brock 0-0: Called Strike
0-1: Ball
1-1: Grounds into double play, 5-4-3 (Groundball, 56, EV 85.6 MPH)
Top of the 8th over - 0 runs, 0 hits, 0 errors, 0 left on base; Toledo 4 - Rochester 3
BOTTOM OF THE 8TH
Rochester Red Wings batting - Pitching for Toledo Mud Hens : RHP Jay North
Batting: LHB Ed Amelung 0-0: Foul Ball, location: 2F
0-1: Swinging Strike
0-2: Foul Ball, location: 2F
0-2: Ball
1-2: SINGLE (Groundball, 56, EV 94.4 MPH)
Batting: SHB Jordan Ayala 0-0: Ball
1-0: Ball
2-0: Called Strike
2-1: Foul Ball, location: 2F
2-2: Ball
3-2: Foul Ball, location: 2F
3-2: Fly out, F9 (Flyball, 89M, EV 91.3 MPH)
Batting: RHB Gerry Davis 0-0: Ball
1-0: Ball
2-0: Foul Ball, location: 2F
2-1: Swinging Strike
2-2: Strikes out swinging
Batting: RHB Joe Carter 0-0: Ball
1-0: Foul Ball, location: 2F
1-1: DOUBLE (Flyball, 8LXD, EV 103.1 MPH)
Ed Amelung to third
Runner from 3rd tries for Home, SAFE, no throw by CF
Pitching: RHP Bob Stanley
Batting: RHB Chris Johnston 0-0: Called Strike
0-1: Swinging Strike
0-2: Strikes out swinging
Bottom of the 8th over - 1 run, 2 hits, 0 errors, 1 left on base; Toledo 4 - Rochester 4
TOP OF THE 9TH
Toledo Mud Hens batting - Pitching for Rochester Red Wings : RHP Dave J Schmidt
Pitching: LHP Ray Searage
Batting: RHB Gorman Thomas 0-0: SOLO HOME RUN (Flyball, 7D, EV 105.0 MPH), Distance : 390 ft
Batting: RHB Milt Jefferson 0-0: Ball
1-0: Called Strike
1-1: Ball
2-1: Fly out, F4 (Popup, 3S, EV 80.0 MPH)
Batting: LHB Rich Coggins 0-0: Ball
1-0: Ball
2-0: Ball
3-0: Called Strike
3-1: Base on Balls
Batting: RHB Dennis Odom 0-0: Called Strike
0-1: Called Strike
0-2: Ball
1-2: Strikes out swinging
Batting: LHB George LaCoe 0-0: Ball
1-0: Swinging Strike
1-1: Foul Ball, location: 2F
1-2: Foul Ball, location: 2F
1-2: Ball
2-2: Ball
3-2: Base on Balls
Rich Coggins to second
Batting: RHB Gary Allenson 0-0: Called Strike
0-1: Fielders Choice at 2nd, 5-4 (Groundball, 56, EV 100.0 MPH)
Top of the 9th over - 1 run, 1 hit, 0 errors, 2 left on base; Toledo 5 - Rochester 4
BOTTOM OF THE 9TH
Rochester Red Wings batting - Pitching for Toledo Mud Hens : RHP Bob Stanley
Pitching: RHP Dan Quisenberry
Batting: LHB Dave Falcone 0-0: Called Strike
0-1: Ball
1-1: Ground out U3 (Groundball, 3L, EV 104.4 MPH)
Batting: RHB Dave Miele 0-0: Called Strike
0-1: Ball
1-1: Ground out 6-3 (Groundball, 6, EV 100.6 MPH)
Batting: RHB Jerry Dybzinski 0-0: Ground out 4-3 (Groundball, 34, EV 101.3 MPH)
Bottom of the 9th over - 0 runs, 0 hits, 0 errors, 0 left on base; Toledo 5 - Rochester 4
Monday, August 10th, 2020 - OOTP Baseball 21.5 Build 76